Unix NetHack Version 5.0.0-0 post-release - last build Jun 10 2026 00:39:30 (3ee93aec679c4c4259841fe613dc97188e26a321,branch:main).

Game began 2026-06-15 17:07:50, ended 2026-06-15 17:23:46.

LDaviesPeters, neutral female human Archeologist

                                                                 ----
                                                                --..|
                                                               --...|
                                                         |     |<.---
                                                         |.    |.-------
                                                          -.. --.............-
                                                          |...G@..------
                                                          |......--
                                                          --.....|
                                                           --....|
                                                            |..-.|
                                                            |.. .|
                                                            --. .-
                                                             |. .
                                                             |. .
                                                             -  .
                                                               ..
                                                               ..
                                                               ..
                                                               -.
                                                               ---
LDaviesPeters the Field Worker  St:12 Dx:10 Co:15 In:13 Wi:16 Ch:10  Neutral
Dlvl:5  $:0  HP:0(27) Pw:15(15) AC:2  Xp:3 T:1515 

Latest messages:
 You write in the dust with your fingertip.
 What do you want to write in the dust here? xx
 What do you want to write with? [- agop or ?*] ?
 Do you want to add to the current engraving? [ynq] (y) y
 You add to the writing in the dust with a redwood wand.
 What do you want to add to the writing in the dust here? yy
 A few ice cubes drop from the wand.
 What do you want to call? [ioqvx or ?*] ?
 Call a redwood wand: Cold
 Something is written here in the dust.
 You read: "xxyy".
 You see no objects here.
 What do you want to wear? [v or ?*] v
 You are now wearing an apron.
 You swap places with your kitten.
 The hobbit opens a door.
 The hobbit wields a runed dagger!
 The hobbit thrusts her runed dagger.
 The hobbit hits!
 You hit the hobbit.
 You hit the hobbit.
 The hobbit thrusts her runed dagger.
 The hobbit hits!
 The kitten misses the hobbit.
 You miss the hobbit.
 The kitten misses the hobbit.
 You kill the hobbit!
 Your kitten eats a hobbit corpse.
 You see here a food ration.
 You learn more about your items by comparing them.
 d - an uncursed food ration (5 in total).
 You stop.  Your kitten is in the way!
 You stop.  Your kitten is in the way!
 You swap places with your kitten.
 You see here a runed dagger.
 A - a runed dagger.
 What do you want to drop? [a-df-jln-qtvxA or ?*] A
 You drop a runed dagger.
 You see here a runed dagger.
 A - a runed dagger.
 You descend the stairs.
 The gnome wields 3 daggers!
 The gnome thrusts one of his daggers.
 The gnome hits!
 You hit the gnome.
 You hit the gnome.
 The gnome thrusts one of his daggers.
 The gnome hits!
 You die...
 Do you want your possessions identified? [ynq] (y) q

Inventory:
 Weapons  (')')
  A - a +0 elven dagger
  p - 2 +0 orcish daggers
  a - a +2 bullwhip
 Armor    ('[')
  c - an uncursed +0 fedora
  q - an uncursed +0 orcish helm (being worn)
  i - an uncursed +4 pair of water walking boots (being worn)
  v - an uncursed +0 alchemy smock with text "If you don't like the food, I'll stab you" (being worn)
  h - an uncursed +0 leather jacket (being worn)
 Comestibles  ('%')
  j - an uncursed slime mold
  d - 5 uncursed food rations
  n - an uncursed fortune cookie
 Wands    ('/')
  o - a wand of cold (0:6)
 Tools    ('(')
  b - an uncursed sack containing 7 items
  l - an uncursed brass lantern
  x - an uncursed magic whistle
  t - an uncursed stethoscope
  f - a tinning kit (0:80)
 Gems/Stones  ('*')
  g - an uncursed touchstone

Contents of the sack:
  44 gold pieces
  an uncursed scroll of confuse monster
  an uncursed scroll of identify
  an uncursed potion of booze
  an uncursed potion of confusion
  an uncursed potion of monster detection
  a +0 pick-axe

LDaviesPeters the Archeologist's attributes:

Background:
 You were a Field Worker, a level 3 female human Archeologist.
 You were neutral, nominally on a mission for Camaxtli
 who was opposed by Quetzalcoatl (lawful) and Huhetotl (chaotic).
 You were right-handed.
 You were in the Gnomish Mines, on level 5.
 You entered the dungeon 1515 turns ago.
 There was a new moon in effect when your adventure ended.
 You had 55 experience points, 25 more were needed to attain level 4.

Basics:
 You had 0 out of 27 hit points.
 You had all 15 energy points (spell power).
 Your armor class was 2.
 Your wallet was empty, but
 you had 44 zorkmids stashed away in your pack.
 Autopickup was off.

Final Characteristics:
 Your strength was 12 (limit:18/100).
 Your dexterity was 10 (limit:18).
 Your constitution was 15 (limit:18).
 Your intelligence was 13 (limit:18).
 Your wisdom was 16 (limit:18).
 Your charisma was 10 (limit:18).

Final Status:
 You weren't hungry.
 You were unencumbered.
 You were bare handed.
 You were unskilled in bare handed combat.

Final Attributes:
 You were devoutly aligned.
 You were poison resistant.
 You were acid resistant.
 Your items were protected from acid.
 You had automatic searching.
 You could walk on water.
 You were warded.
 You are dead.

Miscellaneous:
 You didn't encounter any bones levels.
 Total elapsed playing time was 15 minutes and 55 seconds.

Major events:
 Turn
    1: LDaviesPeters the neutral female human Archeologist entered the dungeon
  933: attained the rank of Field Worker (level 3)
 1507: entered the Gnomish Mines
 1515: killed by a gnome

You didn't know any spells.

Skills:
 Fighting Skills
   bare handed combat [Unskilled]
   two weapon combat  [Unskilled]
   riding             [Unskilled]
 Weapon Skills
   dagger             [Unskilled]
   knife              [Unskilled]
   pick-axe           [Basic]
   short sword        [Unskilled]
   saber              [Unskilled]
   club               [Unskilled]
   quarterstaff       [Unskilled]
   sling              [Unskilled]
   dart               [Unskilled]
   boomerang          [Unskilled]
   whip               [Basic]
   unicorn horn       [Unskilled]
 Spellcasting Skills
   attack spells      [Unskilled]
   healing spells     [Unskilled]
   divination spells  [Unskilled]
   matter spells      [Unskilled]

Voluntary challenges:
 Character rerolling was not enabled.
 You were an atheist.
 You never genocided any monsters.
 You never polymorphed an object.
 You never changed form.
 You used no wishes.
Achievements:
 You entered a shop.
 You attained the rank of Field Worker.
 You entered the Gnomish Mines.

 The Dungeons of Doom: levels 1 to 5
    Level 1:
       A fountain.
    Level 2:
       A general store, an altar.
    Level 3:
       A fountain.
    Level 4:
       Stairs down to The Gnomish Mines.
    Level 5:
 The Gnomish Mines:
    Level 5: <- You were here.
       Final resting place for
          you, killed by a gnome.


Vanquished creatures:
  a hobbit
  a large kobold
  a red mold
  a gecko
  7 jackals
  3 goblins
  a sewer rat
  a grid bug
  2 lichens
  a kobold zombie
  9 newts
28 creatures vanquished.

No species were genocided or became extinct.

Game over:
                       ----------
                      /          \
                     /    REST    \
                    /      IN      \
                   /     PEACE      \
                  /                  \
                  |  LDaviesPeters   |
                  |      44 Au       |
                  |   killed by a    |
                  |      gnome       |
                  |                  |
                  |                  |
                  |       2026       |
                 *|     *  *  *      | *
        _________)/\\_//(\/(/\)/\//\/|_)_______

Goodbye LDaviesPeters the Archeologist...

You died in The Gnomish Mines on dungeon level 5 with 460 points,
and 44 pieces of gold, after 1515 moves.
You were level 3 with a maximum of 27 hit points when you died.

